 Dungeon Crawl Stone Soup version 0.30-a0-743-gbfdf073431 (webtiles) character file.

Game seed: 17948113561625058071

3943 Crownlay the Scholar of Death (level 10, -19/74 HPs)
             Began as a Gnoll Necromancer on Feb 7, 2023.
             Was a Follower of Kikubaaqudgha.
             Killed by an exploding Maurice (32 damage)
             ... ignited by their inner flame
             ... on level 8 of the Dungeon.
             The game lasted 00:13:43 (7474 turns).

Crownlay the Scholar of Death (Gnoll Necromancer)   Turns: 7474, Time: 00:13:43

Health: -19/74     AC: 13    Str:  7    XL:     10   Next: 21%
Magic:  21/21      EV: 14    Int: 19    God:    Kikubaaqudgha [*.....]
Gold:   522        SH:  0    Dex: 13    Spells: 18/23 levels left

rFire   . . .      SeeInvis .    u - +7 hand axe (elec)
rCold   . . .      Faith    .    (no shield)
rNeg    . . .      Spirit   .    w - +3 leather armour of the Pink Corner {Stlth+}
rPois   .          Reflect  .    (no helmet)
rElec   .          Harm     .    (no cloak)
rCorr   .          Rampage  .    r - +0 pair of gloves
Will    .....                    i - +0 pair of boots
Stlth   ++++                     (no amulet)
HPRegen 0.32/turn                v - +4 ring of slaying
MPRegen 0.17/turn                k - +4 ring of protection

@: lethally poisoned (-19 -> -49), slowed, very slow
A: fangs 1, strong nose, distributed training
a: Renounce Religion, Unearth Wretches


You were on level 8 of the Dungeon.
You worshipped Kikubaaqudgha.
Kikubaaqudgha was aware of your devotion.
You visited 2 branches of the dungeon, and saw 9 of its levels.
You also visited: Ossuary.

You collected 522 gold pieces.

Inventory:

Hand Weapons
 u - a +7 hand axe of electrocution (weapon)
Armour
 i - a +0 pair of boots (worn)
 r - a +0 pair of gloves (worn)
 w - the +3 leather armour of the Pink Corner (worn) {Stlth+}
   (You found it on level 3 of the Dungeon)

   Stlth:     It makes you more stealthy.
Jewellery
 h - a ring of protection from fire
 k - a +4 ring of protection (right hand)
 s - a ring of resist corrosion
 v - a +4 ring of slaying (left hand)
 x - a ring of protection from cold
Wands
 p - a wand of iceblast (11)
Scrolls
 d - 2 scrolls of magic mapping
 e - 3 scrolls of vulnerability
 g - a scroll of poison
 l - 4 scrolls of immolation
 m - 2 scrolls of blinking
 o - 5 scrolls of noise
 t - 5 scrolls of teleportation
 A - 2 scrolls of fog
 C - a scroll of fear {unknown}
 D - a scroll of butterflies {unknown}
 I - a scroll of identify
 K - a scroll of enchant weapon
Potions
 a - 2 potions of haste {unknown}
 b - 2 potions of magic
 c - a potion of invisibility {unknown}
 f - 3 potions of cancellation {unknown}
 j - a potion of might {unknown}
 n - 3 potions of flight {unknown}
 q - 3 potions of curing
 z - 2 potions of degeneration
 B - 2 potions of lignification {unknown}
 E - a potion of brilliance {unknown}
 F - a potion of attraction {unknown}
 G - a potion of mutation {unknown}
 H - a potion of ambrosia {unknown}
 J - a potion of berserk rage {unknown}


   Skills:
 + Level 5.2 Fighting
 + Level 5.2 Short Blades
 + Level 5.2 Long Blades
 + Level 5.2 Axes
 + Level 5.2 Maces & Flails
 + Level 5.2 Polearms
 + Level 5.2 Staves
 + Level 5.2 Ranged Weapons
 + Level 5.2 Throwing
 + Level 5.2 Armour
 + Level 7.0 Dodging
 + Level 6.8 Stealth
 + Level 5.2 Shields
 + Level 5.2 Unarmed Combat
 + Level 7.3 Spellcasting
 + Level 4.3 Conjurations
 + Level 4.3 Hexes
 + Level 4.3 Summonings
 + Level 8.4 Necromancy
 + Level 4.3 Translocations
 + Level 4.3 Transmutations
 + Level 4.3 Fire Magic
 + Level 4.3 Ice Magic
 + Level 4.3 Air Magic
 + Level 4.3 Earth Magic
 + Level 4.3 Poison Magic
 + Level 5.8 Invocations
 + Level 5.2 Evocations


You had 18 spell levels left.
You knew the following spells:

 Your Spells              Type           Power      Damage    Failure   Level
a - Necrotise             Necr           100%       1d9       1%          1
b - Animate Dead          Necr           39%        N/A       4%          4

Your spell library contained the following spells:

 Spells                   Type           Power      Damage    Failure   Level
 Kiss of Death            Conj/Necr      100%       2d13      1%          1
 Cigotuvi's Dreadful Rot  Necr/Pois/Air  56%        N/A       1%          2
 Sublimation of Blood     Necr           39%        N/A       1%          2
 Vampiric Draining        Necr           39%        2d8       1%          3
 Static Discharge         Conj/Air       46%        2-4/arc   3%          2
 Wereblood                Tmut           23%        N/A       3%          2
 Vhi's Electric Charge    Tloc/Air       46%        N/A       7%          3
 Agony                    Necr           39%        N/A       12%         5
 Arcjolt                  Conj/Air       11%        1d21      54%         5
 Fireball                 Conj/Fire      11%        3d7       54%         5
 Iskenderun's Battlesphe  Conj           23%        2d8       54%         5
 Lightning Bolt           Conj/Air       11%        1d24      54%         5
 Conjure Ball Lightning   Conj/Air       11%        3x3d6     98%         6
 Orb of Destruction       Conj           11%        9d6       100%        7
 Summon Hydra             Summ           11%        N/A       100%        7


Dungeon Overview and Level Annotations

Branches:
Dungeon (8/15)             Temple (1/1) D:4         Ossuary (visited)
   Lair: D:8-11

Altars:
Ashenzari
Cheibriados
Dithmenos
Elyvilon
Gozag
Hepliaklqana
Kikubaaqudgha
Nemelex Xobeh
Okawaru
Qazlal
Ru
Sif Muna
Uskayaw
Vehumet
Wu Jian
Xom
Zin
The Shining One

Shops:
D:1 [   D:4 (

Annotations:
D:6 2 runed translucent doors, rlgrobin's ghost, novice DsSu


Innate Abilities, Weirdness & Mutations

You have very sharp teeth.
Your uncanny sense of smell can sniff out nearby items.
Your experience applies equally to all skills.


Message History

The scorpion stings you.
Flame seeps out of something.
Something hits you but does no damage.
Amaemon is engulfed in blazing flames.
Flame seeps out of Amaemon.
Amaemon hits you with a -1 demon whip of venom.
You are more poisoned.
Amaemon completely misses you.
Amaemon tail-slaps you but does no damage.
Flame seeps out of something.
Something hits you but does no damage.
Your gnoll zombie hits Amaemon.
Flame seeps out of Amaemon.
The killer bee zombie moves out of view.
You slash the scorpion!
Flame seeps out of the scorpion. x2
You punch the scorpion.
The scorpion is severely wounded.
You hit something.
Flame seeps out of something.
You strike the helpless Amaemon from behind!
You slash Amaemon!
Flame seeps out of Amaemon.
You feel very sick.
The scorpion is engulfed in blazing flames.
Flame seeps out of the scorpion.
The scorpion stings you.
* * * LOW HITPOINT WARNING * * *
You are lethally poisoned!
The scorpion poisons you!
Amaemon is engulfed in blazing flames.
Flame seeps out of Amaemon.
Amaemon hits you with a -1 demon whip of venom.
* * * LOW HITPOINT WARNING * * *
You are more poisoned.
Amaemon misses you. Amaemon closely misses you.
Kikubaaqudgha accepts your kill.
Reactivating autopickup.
You feel a bit more experienced.
Maurice explodes!
The fiery explosion engulfs the scorpion!!
The scorpion's corpse disappears in a puff of smoke!
The fiery explosion engulfs the scorpion!!
The scorpion's corpse disappears in a puff of smoke!
The fiery explosion engulfs Amaemon!!
Kikubaaqudgha accepts your kill. The fiery explosion engulfs you!!
You die...
Kikubaaqudgha rasps: "You have failed me!
Welcome... death!"

..# ..# ## #######..#
#..##........#
.............# ∆
.......##....#
........Z§######+#
≈≈≈≈≈≈≈≈≈°°§..#..#.....
≈.......≈○@§..#>. ....
≈.§≈≈≈§.≈..####.# #..#
≈.≈...≈.≈..####.###..######
≈.§._.≈§§.......#..........
≈.§.§.≈.≈....Z(.#..........
≈.≈§§≈≈§≈.......#..........
......≈.....ZZZ...Z......
≈≈≈§≈≈.####..##Z##Z.##..
....... #..##.##.Z##..


You could see a friendly gnoll zombie (inner flame).

Vanquished Creatures
  Amaemon (D:8)
  Pikel (D:6)
  Maurice (D:8)
  An orange demon (D:8)
  A troll (D:8)
  Edmund (D:6)
  An acid dragon (D:6)
  3 water moccasins
  2 orc warriors
  A black bear (D:7)
  3 ogres
  A centaur (D:6)
  A lemure (D:6)
  A phantom (D:5)
  3 bullfrogs (D:7)
  A necrophage (D:4)
  2 scorpions (D:5)
  A wight (D:7)
  4 crimson imps (D:3)
  4 jellies
  A centaur zombie (Ossuary)
  3 hounds
  2 gnoll boudas
  Terence (D:2)
  9 orc wizards
  4 mummies (Ossuary)
  5 adders
  8 gnolls
  A shadow imp (D:5)
  A worm (D:2)
  3 dart slugs
  23 orcs
  6 ball pythons
  6 endoplasms
  3 giant cockroaches (D:2)
  5 hobgoblins
  3 jackals (D:4)
  A kobold (D:4)
  5 quokkas
  2 bats (D:2)
  A frilled lizard (D:2)
  A gnoll zombie (Ossuary)
  2 goblins
  2 goblin zombies (Ossuary)
  3 kobold zombies (Ossuary)
  An orc zombie (Ossuary)
  2 rats (D:2)
138 creatures vanquished.

Vanquished Creatures (collateral kills)
  Eustachio (D:6)
  A centaur (D:6)
  A necrophage (D:5)
  A scorpion (D:5)
  4 wights (D:7)
  A howler monkey (D:6)
  A gnoll (D:8)
  A white imp (D:7)
  An orc (D:8)
  A jackal (D:4)
13 creatures vanquished.

Vanquished Creatures (others)
  A cyclops (D:8)
  A troll zombie (D:8)
  A killer bee (D:8)
  An orc wizard (D:6)
  A killer bee zombie (D:8)
  An ogre zombie (D:6)
  4 gnoll zombies (D:8)
  3 orc zombies
13 creatures vanquished.

Grand Total: 164 creatures vanquished

Notes
Turn   | Place    | Note
-------+----------+-------------------------------------------
     0 | D:1      | Crownlay the Gnoll Necromancer began the quest for the Orb.
     0 | D:1      | Reached XP level 1. HP: 13/13 MP: 6/6
   432 | D:1      | Found Hutu's Armour Shoppe.
   533 | D:1      | Reached XP level 2. HP: 14/19 MP: 2/7
  1016 | D:2      | Reached skill level 5 in Spellcasting
  1016 | D:2      | Reached XP level 3. HP: 19/25 MP: 1/9
  1290 | D:2      | Reached skill level 1 in Invocations
  1385 | D:2      | Noticed Terence
  1400 | D:2      | Killed Terence
  1401 | D:2      | Reached skill level 1 in Fighting
  1401 | D:2      | Reached skill level 1 in Short Blades
  1401 | D:2      | Reached skill level 1 in Long Blades
  1401 | D:2      | Reached skill level 1 in Axes
  1401 | D:2      | Reached skill level 1 in Maces & Flails
  1401 | D:2      | Reached skill level 1 in Polearms
  1401 | D:2      | Reached skill level 1 in Staves
  1401 | D:2      | Reached skill level 1 in Ranged Weapons
  1401 | D:2      | Reached skill level 1 in Throwing
  1401 | D:2      | Reached skill level 1 in Armour
  1401 | D:2      | Reached skill level 1 in Shields
  1401 | D:2      | Reached skill level 1 in Unarmed Combat
  1401 | D:2      | Reached skill level 1 in Evocations
  1401 | D:2      | Reached XP level 4. HP: 30/32 MP: 0/11
  1608 | D:3      | Learned a level 4 spell: Animate Dead
  1742 | D:3      | Reached skill level 1 in Conjurations
  1742 | D:3      | Reached skill level 1 in Hexes
  1742 | D:3      | Reached skill level 1 in Summonings
  1742 | D:3      | Reached skill level 1 in Translocations
  1742 | D:3      | Reached skill level 1 in Transmutations
  1742 | D:3      | Reached skill level 1 in Fire Magic
  1742 | D:3      | Reached skill level 1 in Ice Magic
  1742 | D:3      | Reached skill level 1 in Air Magic
  1742 | D:3      | Reached skill level 1 in Earth Magic
  1742 | D:3      | Reached skill level 1 in Poison Magic
  2008 | D:3      | Identified the +3 leather armour of the Pink Corner
                  | {Stlth+}
  2050 | D:3      | Found a shimmering altar of Xom.
  2066 | D:3      | Reached XP level 5. HP: 38/38 MP: 12/12
  2069 | D:3      | Reached XP level 6. HP: 44/44 MP: 14/14
  2121 | D:3      | Reached skill level 5 in Dodging
  2805 | D:4      | Found Bono's Weapon Emporium.
  2872 | D:4      | Found an opulent altar of Gozag.
  2889 | D:4      | Found a sacrificial altar of Ru.
  3203 | D:4      | Found a staircase to the Ecumenical Temple.
  3286 | Temple   | Entered the Ecumenical Temple
  3365 | D:5      | Entered Level 5 of the Dungeon
  3365 | D:5      | Noticed a water moccasin
  3376 | D:5      | Reached XP level 7. HP: 50/51 MP: 11/15
  3502 | D:5      | Reached skill level 5 in Stealth
  3649 | D:5      | Reached XP level 8. HP: 24/58 MP: 16/16
  3917 | D:5      | Found an ancient bone altar of Kikubaaqudgha.
  4053 | D:5      | Became a worshipper of Kikubaaqudgha
  4320 | D:6      | Noticed Eustachio
  4333 | D:6      | Killed Eustachio
  4395 | D:6      | Noticed Edmund
  4419 | D:6      | HP: 2/60 [Edmund/+3 flail of holy wrath (12)]
  4423 | D:6      | Killed Edmund
  4725 | D:6      | Reached XP level 9. HP: 60/65 MP: 18/18
  4834 | D:6      | Found an iron altar of Okawaru.
  4939 | D:6      | Reached skill level 8 in Necromancy
  5449 | D:6      | Noticed Pikel
  5493 | D:6      | Killed Pikel
  5494 | D:6      | Reached skill level 5 in Invocations
  5674 | D:6      | Found a large runed translucent door.
  5674 | D:6      | Found a large runed translucent door.
  5676 | D:6      | Noticed rlgrobin's ghost (novice DsSu)
  5950 | D:7      | Found a sand-covered staircase.
  5955 | Ossuary  | Entered an ossuary
  6209 | Ossuary  | Reached * piety under Kikubaaqudgha
  6209 | Ossuary  | Received a gift from Kikubaaqudgha
  6825 | D:7      | Found a sparkling altar of Nemelex Xobeh.
  6847 | D:7      | Reached skill level 5 in Fighting
  6847 | D:7      | Reached skill level 5 in Short Blades
  6847 | D:7      | Reached skill level 5 in Long Blades
  6847 | D:7      | Reached skill level 5 in Axes
  6847 | D:7      | Reached skill level 5 in Maces & Flails
  6847 | D:7      | Reached skill level 5 in Polearms
  6847 | D:7      | Reached skill level 5 in Staves
  6847 | D:7      | Reached skill level 5 in Ranged Weapons
  6847 | D:7      | Reached skill level 5 in Throwing
  6847 | D:7      | Reached skill level 5 in Armour
  6847 | D:7      | Reached skill level 5 in Shields
  6847 | D:7      | Reached skill level 5 in Unarmed Combat
  6847 | D:7      | Reached skill level 5 in Evocations
  6847 | D:7      | Reached XP level 10. HP: 63/74 MP: 20/20
  7439 | D:8      | Found a shadowy altar of Dithmenos.
  7448 | D:8      | Noticed an orange demon
  7450 | D:8      | Noticed Amaemon
  7459 | D:8      | Noticed Maurice
  7466 | D:8      | Killed an orange demon
  7474 | D:8      | Killed Maurice
  7474 | D:8      | Killed Amaemon
  7474 | D:8      | Killed by an exploding Maurice... ignited by their inner
                  | flame

Illustrated notes

Levels and vault maps discovered:
D:1:      dpeg_arrival_lava_altar, layout_loops_ring, serial_shops,
          nicolae_shop_hallway_plus
D:2:      layout_basic, uniq_terence
D:3:      layout_basic, led_xom_imps
D:4:      layout_basic, mainiacjoe_overflow_big_doors, lemuel_temple_firewalk_a,
          serial_shops, nicolae_shop_bloodbath_and_beyond
D:5:      layout_gridville, kiku_gazebo_pond_becter
D:6:      layout_loops_corners, kennysheep_little_box,
          ebering_ghost_disaster_area, uniq_eustachio, uniq_pikel, uniq_edmund
D:7:      layout_cave_pools, nemelex_xobeh_ov_fountains_minmay,
          lightli_ossuary_entry_decrepit_ruins, kennysheep_generic_room_9
D:8:      layout_gridville, nicolae_yredelemnul_corpse_copse,
          mainiacjoe_overflow_concentric_impassable, uniq_maurice, uniq_amaemon
Temple:   nicolae_temple_ecumenical_triangle

Skill      XL: |  1  2  3  4  5  6  7  8  9 10 |
---------------+-------------------------------+-----
Spellcasting   | 5 6 7 |  7.3
Invocations    | 1 2 3 4 5 |  5.8
Fighting       | 1 2 3 5 |  5.2
Short Blades   | 1 2 3 5 |  5.2
Long Blades    | 1 2 3 5 |  5.2
Axes           | 1 2 3 5 |  5.2
Maces & Flails | 1 2 3 5 |  5.2
Polearms       | 1 2 3 5 |  5.2
Staves         | 1 2 3 5 |  5.2
Ranged Weapons | 1 2 3 5 |  5.2
Throwing       | 1 2 3 5 |  5.2
Armour         | 1 2 3 5 |  5.2
Shields        | 1 2 3 5 |  5.2
Unarmed Combat | 1 2 3 5 |  5.2
Evocations     | 1 2 3 5 |  5.2
Conjurations   | 1 2 3 4 |  4.3
Hexes          | 1 2 3 4 |  4.3
Summonings     | 1 2 3 4 |  4.3
Translocations | 1 2 3 4 |  4.3
Transmutations | 1 2 3 4 |  4.3
Fire Magic     | 1 2 3 4 |  4.3
Ice Magic      | 1 2 3 4 |  4.3
Air Magic      | 1 2 3 4 |  4.3
Earth Magic    | 1 2 3 4 |  4.3
Poison Magic   | 1 2 3 4 |  4.3
Dodging        | 5 6 7 |  7.0
Stealth        | 5 6 |  6.8
Necromancy     | 8 |  8.4

Action                     |  1- 3 |  4- 6 |  7- 9 | 10-12 || total
---------------------------+-------+-------+-------+-------++-------
  Melee: Whip              |     6 |    13 |       |       ||    19
         Hand axe          |       |    66 |   210 |    24 ||   300
         Bite              |       |    10 |    19 |       ||    29
         Punch             |       |     1 |     6 |     1 ||     8
   Cast: Necrotise         |    58 |    28 |    18 |       ||   104
         Animate Dead      |       |     5 |     7 |     1 ||    13
 Invoke: Unearth Wretches  |       |       |       |     1 ||     1
    Use: Scroll            |       |     1 |    11 |     4 ||    16
         Potion            |       |       |     5 |     1 ||     6
   Stab: Sleeping          |       |     7 |     9 |     2 ||    18
         Distracted        |       |       |     1 |     1 ||     2
         Paralysed         |       |       |       |     2 ||     2
 Armour: Robe              |    11 |    10 |       |       ||    21
         Leather armour    |       |    20 |   112 |    19 ||   151
  Dodge: Dodged            |    16 |    55 |   170 |    32 ||   273

Table legend: (Time is in decaauts)
 A = Elapsed time spent in this place.
 B = Non-inter-level travel time spent in this place.
 C = Inter-level travel time spent in this place.
 D = Time resting spent in this place.
 E = Time spent auto-exploring this place.
 F = Levels seen in this place.
 G = Mean time per level.
                   A        B        C        D        E       F      G
               +--------+--------+--------+--------+--------+-----+--------+
         Total |   7512 |   7272 |    240 |      0 |   5902 |  10 |  751.2 |
       Dungeon |   7177 |   6946 |    231 |      0 |   5695 |   8 |  897.1 |
        Temple |     49 |     40 |      9 |      0 |     30 |   1 |   49.0 |
       Ossuary |    285 |    285 |      0 |      0 |    177 |   1 |  285.0 |
               +--------+--------+--------+--------+--------+-----+--------+

Top non-repeatable levels by time:
     D:6: 1961 daAuts
     D:4: 912 daAuts
     D:5: 822 daAuts
     D:3: 812 daAuts
     D:1: 800 daAuts
     D:7: 800 daAuts
     D:2: 800 daAuts
 Ossuary: 285 daAuts
     D:8: 267 daAuts
  Temple: 49 daAuts
